AoeStats
← _LT_ropz

Nomad

505456068Analyzed
4v4 RM · 24d ago on Sep 9, 2026· 46m 25s· 8 players
Game mode
Random Map
Map size
231×231
Population
200
Speed
Normal
Resources
Standard
Victory
Conquest
Starting age
Dark Age
Ending age
Imperial Age
RankedLock teamsTeams togetherTeam positionsShared explorationLock speedFull tech treeHidden civsTurbo modeCheats
Victory
Defeat
🇬🇧 Dravidians · United Kingdom
1453
+12
🇺🇦 Spanish · Ukraine
1410
+14
🇨🇳 Persians · China
1383
+15
🇨🇳 Turks · China
1272
+20
🇨🇳 Dravidians · China
1375
-16
🇻🇳 Mapuche · Vietnam
1357
-15
🇨🇳 Spanish · China
1354
-15
🇹🇼 Persians · Taiwan
1350
-15
爱上层楼
12:50 Feudal Age
13:36 Loom
13:44 Double-Bit Axe
15:31 Wheelbarrow
16:01 Gold Mining
17:05 Fishing Lines
23:05 Castle Age
27:32 Medium Warships
32:15 Imperial Age
29:43 Horse Collar
32:00 Light Cavalry
popo770723
5:30 Loom
13:28 Feudal Age
18:17 Castle Age
18:16 Double-Bit Axe
18:11 Horse Collar
19:52 Bow Saw
19:45 Heavy Plow
24:28 Gold Mining
25:51 Stone Mining
28:18 Wheelbarrow
32:18 Imperial Age
30:46 Hand Cart
30:21 Town Watch
30:59 Forging
30:54 Scale Barding Armor
31:13 Bloodlines
31:03 Husbandry
31:57 Cavalier
33:47 Iron Casting
33:33 Chain Barding Armor
35:10 Conscription
36:23 Gold Shaft Mining
36:24 Stone Shaft Mining
36:24 Savar
38:40 Plate Barding Armor
39:12 Blast Furnace
46:04 Fletching
46:16 Scale Mail Armor
坐边打一波就跑
3:01 Loom
12:44 Feudal Age
17:24 Castle Age
15:32 Stone Mining
kkkkk1231231
11:16 Loom
13:33 Feudal Age
14:01 Double-Bit Axe
15:03 Horse Collar
23:13 Castle Age
21:28 Stone Mining
21:34 Gold Mining
24:53 Bow Saw
28:16 Wheelbarrow
28:33 Gold Shaft Mining
29:43 Hand Cart
37:28 Imperial Age
35:29 Forging
35:36 Town Watch
37:35 Iron Casting
36:53 Treadmill Crane
37:29 Elite Kona
38:14 Elite Kona
40:04 Blast Furnace
39:47 Elite Bolas Rider
40:18 Fletching
40:29 Padded Archer Armor
41:01 Ballistics
41:11 Bodkin Arrow
42:58 Leather Archer Armor
45:07 Ring Archer Armor
45:40 Malon
47:15 Chemistry
milopokerboy
5:12 Loom
13:08 Feudal Age
13:48 Gold Mining
14:15 Double-Bit Axe
20:30 Fletching
23:03 Castle Age
21:54 Padded Archer Armor
24:04 Leather Archer Armor
23:48 Bodkin Arrow
23:15 Elite Skirmisher
24:18 Bow Saw
24:48 Horse Collar
26:06 Ballistics
26:37 Thumb Ring
27:40 Medium Warships
27:52 Clinker Construction
29:26 Leather Archer Armor
32:01 Wheelbarrow
32:23 Forging
34:37 Heavy Plow
34:19 Pikeman
34:59 Squires
35:01 Town Watch
35:36 Scale Mail Armor
36:11 Iron Casting
35:53 Arson
39:15 Imperial Age
37:01 Hand Cart
36:46 Town Patrol
39:55 Chain Mail Armor
40:33 Ring Archer Armor
41:05 Blast Furnace
39:26 Halberdier
41:20 Plate Mail Armor
40:51 Siege Elephant
41:50 Masonry
42:50 Scale Barding Armor
43:23 Wootz Steel
44:41 Chain Barding Armor
45:57 Chemistry
45:30 Bracer
45:58 Murder Holes
Fox
14:20 Feudal Age
17:56 Castle Age
16:06 Double-Bit Axe
24:27 Loom
28:25 Padded Archer Armor
31:43 Wheelbarrow
31:37 Stone Mining
35:34 Imperial Age
33:40 Scale Barding Armor
33:56 Leather Archer Armor
33:32 Fletching
37:12 Conscription
36:53 Bodkin Arrow
38:38 Bracer
鱼鱼
12:59 Feudal Age
12:34 Loom
17:46 Castle Age
16:34 Double-Bit Axe
17:46 Stone Mining
19:13 Horse Collar
20:59 Bow Saw
30:15 Heavy Plow
30:09 Gold Mining
31:21 Scale Mail Armor
_LT_ropz
5:09 Loom
14:10 Feudal Age
15:02 Fishing Lines
17:38 Castle Age
17:21 Double-Bit Axe
22:06 Fletching
22:35 Bow Saw
25:08 Fervor
31:04 Gambesons
39:24 Imperial Age
37:34 Wheelbarrow
38:02 Gold Mining
38:44 Scale Barding Armor
38:50 Forging
39:25 Horse Collar
40:34 Hand Cart
40:28 Heavy Plow
41:17 Elite War Elephant
42:27 Conscription
42:55 Chain Barding Armor
43:40 Stone Mining
44:31 Bloodlines
44:21 Husbandry
44:55 Husbandry
46:22 Plate Barding Armor
46:37 Coinage
46:57 Iron Casting
Connection lost

Rejoining the realm…

Still unreachable

The connection could not be restored.

Session expired

The server has moved on; the page needs a fresh start.